 Dungeon Crawl Stone Soup version 0.30-a0-779-g7971cf19c3 (webtiles) character file.

Game seed: 5463277905982531929

183 Ceno the Slasher (level 5, 0/30 (32) HPs)
             Began as a Tengu Reaver on Feb 18, 2023.
             Killed from afar by Natasha (7 damage)
             ... with a magic dart
             ... on level 3 of the Dungeon.
             The game lasted 00:11:31 (3481 turns).

Ceno the Slasher (Tengu Reaver)                     Turns: 3481, Time: 00:11:32

HP:   0/30 (32)     AC:  3    Str: 14    XL:     5   Next: 62%
MP:   9/9           EV: 14    Int: 13    God:
Gold: 184           SH:  0    Dex: 13    Spells: 5/8 levels left

rFire   . . .      SeeInvis .    n - +0 long sword
rCold   . . .      Faith    .    (no shield)
rNeg    . . .      Spirit   .    b - +0 leather armour
rPois   +          Reflect  .    (helmet restricted)
rElec   .          Harm     .    (no cloak)
rCorr   .          Rampage  .    (no gloves)
Will    .....                    (boots unavailable)
Stlth   +                        (no amulet)
HPRegen 0.25/turn                h - ring of poison resistance
MPRegen 0.11/turn                (no ring)

@: flying quickly and evasively, drained, quick
A: beak, talons 3, nimble flight
a: no special abilities


You were on level 3 of the Dungeon.
You visited 1 branch of the dungeon, and saw 3 of its levels.

You collected 184 gold pieces.

Inventory:

Hand Weapons
 n - a +0 long sword (weapon)
Missiles
 g - 8 poisoned darts
 j - 21 stones (quivered)
Armour
 b - a +0 leather armour (worn)
Jewellery
 h - a ring of poison resistance (left hand)
Scrolls
 a - a scroll of summoning {unknown}
 c - 5 scrolls of identify {unknown}
 e - a scroll of torment {unknown}
 l - 2 scrolls of enchant weapon {unknown}
 o - a scroll of immolation {unknown}
 p - a scroll of blinking {unknown}
 q - a scroll of teleportation {unknown}
 r - a scroll of vulnerability {unknown}
Potions
 d - 2 potions of curing {unknown}
 f - a potion of might {unknown}
 i - a potion of haste {unknown}
 k - a potion of brilliance {unknown}
 m - a potion of berserk rage {unknown}


   Skills:
 + Level 3.2 Fighting
 * Level 5.3 Long Blades
 - Level 2.1 Dodging
 - Level 2.0 Spellcasting
 + Level 5.2 Conjurations


You had 5 spell levels left.
You knew the following spells:

 Your Spells              Type           Power      Damage    Failure   Level
a - Kiss of Death         Conj/Necr      32%        2d7       11%         1
b - Momentum Strike       Conj/Tloc      16%        3d8       17%         2

Your spell library contained the following spells:

 Spells                   Type           Power      Damage    Failure   Level
 Sandblast                Erth           2%         2d4       32%         1
 Hailstorm                Conj/Ice       8%         3d4       32%         3
 Stone Arrow              Conj/Erth      16%        3d8       32%         3
 Cigotuvi's Dreadful Rot  Necr/Pois/Air  2%         N/A       43%         2
 Passwall                 Tmut/Erth      0%         N/A       43%         2
 Poisonous Vapours        Pois/Air       2%         N/A       43%         2
 Mephitic Cloud           Conj/Pois/Air  5%         N/A       43%         3


Dungeon Overview and Level Annotations

Branches:
Dungeon (3/15)

Altars:

Annotations:
D:3 Natasha


Innate Abilities, Weirdness & Mutations

You have a beak for a mouth.
You have claws for feet.
Your magical nature lets you fly swiftly and evasively.


Message History

Casting: Momentum Strike (safe; 17% risk of failure)
Confirm with . or Enter, or press ? or * to list all spells.
You cannot redirect your momentum while unable to move.
You hit the crimson imp. You claw the crimson imp.
Your peck misses the crimson imp.
The crimson imp is severely wounded.
The crimson imp hits you. Natasha claws you.
* * * LOW HITPOINT WARNING * * *
The crimson imp barely misses you.
You closely miss Natasha. You claw Natasha.
You kill Natasha!
Natasha screams in pain as she dies!
The crimson imp disappears in a puff of smoke!
You start resting.
You are no longer robbed of momentum.
You start resting.
Magic restored.
You start resting.
You feel yourself speed up.
You start resting.
HP restored.
Natasha, Servant of Life and Death comes into view.
She is carrying a wand of quicksilver (8).
You start waiting.
Done waiting.
Natasha hisses angrily.
Natasha zaps a wand.
The bolt of dispelling energy misses you.
You start waiting.
Natasha is nearby!
Natasha casts a spell at you. The magic dart hits you.
Natasha casts a spell at you. The magic dart hits you!
Natasha is nearby!
Natasha zaps a wand.
The bolt of dispelling energy hits you!
Ouch! That really hurt!
* * * LOW HITPOINT WARNING * * *
Natasha casts a spell at you. The magic dart hits you!
You die...

****,,,****,**..##~~.~~##..###..#
,,**,,,***#.**##.≈~≈≈≈≈~.#####).#
,,***,,,,,..###~~≈≈~~≈≈~≈~###....
,,* *,****#..#≈≈≈≈≈≈~~≈≈≈≈~#.....
,,* *)* #.#.≈≈≈≈#≈≈~≈≈≈≈~.#.#..
,,* *,* #.#~≈≈≈≈≈≈#~~≈≈~~≈#.#.#
,,* *,* ##.~≈≈≈~≈~≈~~~~#≈~~≈....
,,* *)* #..~~≈~.~~...≈~..~~~.#..
,,***,* #...~~.@...<..♣..≈~..#..
,,'÷,,* #..~~~...#...≈~~.~~~##..
,,***** ##.#≈~~~≈≈~~≈≈~.~##≈....
***,,,* #.#~≈≈≈≈≈~≈≈#~≈#~≈.....
,**,,,** #...~≈≈≈≈~~≈≈≈#≈≈.#....
,',,,,,* #h.#~#≈≈#≈~~~≈≈≈~#..##.
,**,,,,* #.###≈≈≈≈#≈#~≈≈~.......
,**,,,,* #..###.~~#≈~~≈...######
,**,,,,* ##..#...~~.~~##.##


You could see Natasha.

Vanquished Creatures
  Natasha (twice) (D:3)
  2 adders
  4 gnolls (D:2)
  A worm (D:2)
  9 dart slugs
  3 orcs (D:3)
  3 ball pythons
  9 bats
  An endoplasm (D:3)
  3 giant cockroaches
  4 goblins
  6 hobgoblins
  3 kobolds
  A quokka (D:1)
  A frilled lizard (D:2)
  3 rats
55 creatures vanquished.

Notes
Turn   | Place    | Note
-------+----------+-------------------------------------------
     0 | D:1      | Ceno the Tengu Reaver began the quest for the Orb.
     0 | D:1      | Reached XP level 1. HP: 12/12 MP: 4/4
   156 | D:1      | Reached XP level 2. HP: 17/17 MP: 6/6
   159 | D:1      | Learned a level 2 spell: Momentum Strike
   860 | D:2      | Reached XP level 3. HP: 22/22 MP: 7/7
  1388 | D:2      | Reached XP level 4. HP: 17/23 MP: 2/8
  2033 | D:3      | Found a faded altar of an unknown god.
  2184 | D:3      | Reached skill level 5 in Conjurations
  2191 | D:3      | Gained mutation: Your magical nature lets you fly swiftly
                  | and evasively. [Tengu growth]
  2191 | D:3      | Reached XP level 5. HP: 18/23 MP: 6/9
  2427 | D:3      | Reached skill level 5 in Long Blades
  2606 | D:3      | Noticed Natasha
  2616 | D:3      | Killed Natasha
  3108 | D:3      | Found a faded altar of an unknown god.
  3153 | D:3      | Noticed Natasha
  3177 | D:3      | Killed Natasha
  3334 | D:3      | Noticed Natasha
  3481 | D:3      | Killed from afar by Natasha

Illustrated notes

Levels and vault maps discovered:
D:1:      saegor_arrival_miasma, layout_rooms, hex_intersection
D:2:      layout_basic
D:3:      kennysheep_slugbush, layout_basic,
          shapermc_ecumenical_altar_mp_highgroup, minmay_misc_feat_rugged,
          minmay_splitting_lines, uniq_natasha

Skill      XL: |  1  2  3  4  5 |
---------------+----------------+-----
Long Blades    | 4 5 |  5.3
Conjurations   | 5 |  5.2
Fighting       | 3 |  3.2
Dodging        | |  2.1
Spellcasting   | |  2.0

Action                     |  1- 3 |  4- 6 || total
---------------------------+-------+-------++-------
  Melee: Falchion          |    44 |       ||    44
         Kick              |    11 |    12 ||    23
         Peck              |     6 |     7 ||    13
         Long sword        |     5 |    49 ||    54
         Punch             |       |     1 ||     1
  Throw: Stone             |     2 |     2 ||     4
   Cast: Momentum Strike   |    11 |    10 ||    21
         Kiss of Death     |     2 |     2 ||     4
 Armour: Leather armour    |    15 |     8 ||    23
  Dodge: Dodged            |    30 |    35 ||    65

Table legend: (Time is in decaauts)
 A = Elapsed time spent in this place.
 B = Non-inter-level travel time spent in this place.
 C = Inter-level travel time spent in this place.
 D = Time resting spent in this place.
 E = Time spent auto-exploring this place.
 F = Levels seen in this place.
 G = Mean time per level.
                   A        B        C        D        E       F      G
               +--------+--------+--------+--------+--------+-----+--------+
         Total |   3445 |   3410 |     35 |    986 |   1495 |   3 | 1148.3 |
       Dungeon |   3445 |   3410 |     35 |    986 |   1495 |   3 | 1148.3 |
               +--------+--------+--------+--------+--------+-----+--------+

Top non-repeatable levels by time:
     D:3: 1709 daAuts
     D:2: 1004 daAuts
     D:1: 731 daAuts
